 Dungeon Crawl Stone Soup version 0.30-a0-368-g86fb4627a9 (webtiles) character file.

Game seed: 16709182338753192503

1084 retardedninja the Shield-Bearer (level 8, -21/71 HPs)
             Began as a Minotaur Fighter on Nov 18, 2022.
             Killed by an exploding butterfly (30 damage)
             ... ignited by their inner flame
             ... on level 5 of the Dungeon.
             The game lasted 00:07:26 (4059 turns).

retardedninja the Shield-Bearer (Minotaur Fighter)  Turns: 4059, Time: 00:07:27

Health: -21/71     AC: 10    Str: 22    XL:     8   Next: 8%
Magic:  7/7        EV:  9    Int:  5    God:
Gold:   308        SH:  0    Dex: 11    Spells: 7/7 levels left

rFire   . . .      SeeInvis .    z - +1 battleaxe
rCold   . . .      Faith    .    (shield currently unavailable)
rNeg    . . .      Spirit   .    b - +0 scale mail
rPois   .          Reflect  .    (helmet restricted)
rElec   .          Harm     .    d - +0 cloak
rCorr   .          Rampage  .    (no gloves)
Will    .....                    l - +0 pair of boots
Stlth   ..........               i - amulet of regeneration
HPRegen 1.11/turn                (no ring)
MPRegen 0.10/turn                (no ring)

@: no status effects
A: horns 2, retaliatory headbutt
a: no special abilities


You were on level 5 of the Dungeon.
You visited 1 branch of the dungeon, and saw 5 of its levels.
You also visited: Sewer.

You collected 308 gold pieces.

Inventory:

Hand Weapons
 a - a +0 war axe
 z - a +1 battleaxe (weapon)
Armour
 b - a +0 scale mail (worn)
 d - a +0 cloak (worn)
 l - a +0 pair of boots (worn)
Jewellery
 i - an amulet of regeneration (around neck)
Wands
 n - a wand of flame (21)
 u - a wand of light (4)
 y - a wand of charming (12)
Scrolls
 e - a scroll of summoning
 g - a scroll of noise
 j - 2 scrolls of butterflies
 s - 3 scrolls of fear
Potions
 f - 5 potions of curing
 h - a potion of attraction {unknown}
 k - a potion of resistance {unknown}
 m - a potion of magic {unknown}
 o - a potion of haste
 q - 5 potions of heal wounds
 r - 2 potions of degeneration
 t - 2 potions of lignification {unknown}
 v - 2 potions of mutation {unknown}
 x - a potion of invisibility {unknown}


   Skills:
 + Level 6.7 Fighting
 + Level 6.0 Axes
 + Level 6.7 Armour
 + Level 6.8 Shields


You had 7 spell levels left.
You didn't know any spells.
Your spell library contained the following spells:

 Spells                   Type           Power      Damage    Failure   Level
 Cigotuvi's Dreadful Rot  Necr/Pois/Air  0%         N/A       88%         2
 Poisonous Vapours        Pois/Air       0%         N/A       88%         2
 Mephitic Cloud           Conj/Pois/Air  0%         N/A       98%         3
 Stone Arrow              Conj/Erth      0%         3d7       98%         3
 Animate Armour           Summ/Erth      0%         N/A       100%        4
 Animate Dead             Necr           0%         N/A       100%        4
 Haunt                    Necr/Summ      0%         N/A       100%        7
 Infestation              Necr           0%         N/A       100%        8
 Lehudib's Crystal Spear  Conj/Erth      0%         10d2      100%        8


Dungeon Overview and Level Annotations

Branches:
Dungeon (5/15)              Sewer (visited)
 Temple: D:4-7

Altars:
Fedhas
Zin


Innate Abilities, Weirdness & Mutations

You have a pair of horns on your head.
You reflexively headbutt those who attack you in melee.


Message History

Your scorpion is heavily wounded.
The fiery explosion engulfs your butterfly!
You kill your butterfly!
Your butterfly disappears in a burst of colours!
Your scorpion dissolves into shadows!
Your butterfly explodes!
The fiery explosion engulfs your butterfly!!
Your butterfly disappears in a burst of colours!
The fiery explosion engulfs your butterfly!!
Your butterfly disappears in a burst of colours!
Your butterfly explodes!
The fiery explosion engulfs your butterfly!!
Your butterfly disappears in a burst of colours!
Your butterfly explodes!
The fiery explosion engulfs you!
Your butterfly explodes!
The fiery explosion engulfs your hound!!
Your hound's corpse dissolves into shadows!
Your hound explodes!
The fiery explosion engulfs your butterfly!!!
Your butterfly disappears in a burst of colours!
The fiery explosion engulfs your butterfly!!
Your butterfly disappears in a burst of colours!
Your butterfly explodes!
The fiery explosion engulfs your butterfly!
You kill your butterfly!
Your butterfly disappears in a burst of colours!
The fiery explosion engulfs your butterfly!!
Your butterfly disappears in a burst of colours!
The fiery explosion engulfs your butterfly!!
You kill your butterfly!
Your butterfly disappears in a burst of colours!
Your butterfly explodes! x5
The fiery explosion engulfs your butterfly!!
Your butterfly disappears in a burst of colours!
The fiery explosion engulfs you!
* * * LOW HITPOINT WARNING * * *
Your butterfly explodes!
The fiery explosion engulfs you!!
You die...

#.#......>.....## #.#.
#..§§§#§§#§§##..#####.##
###.§§§§§§§..........[..
#.#§#§§§§.###.########
#.#§§§§§....#..## #
#..§§§§####.##..## #
####§§§§§.....#..### #
#§§§#§##.#.##...###
#§@§§§§#.#.####...#
#§§§##§#.#.# ###..
###§§§##...#.### #...
#.§§§§##.###...# #...
#§§§§§##.......# #...
#§§§########...# #..~
#§§§# #...###.~~ #§§§#
###.##..~~ #b.b#
#.##.~≈≈


There were no monsters in sight!

Vanquished Creatures
  Sigmund (D:2)
  A black bear (D:4)
  2 bullfrogs (Sewer)
  A scorpion (D:5)
  Crazy Yiuf (D:3)
  2 orc priests (D:4)
  A jelly (D:5)
  3 hounds (D:5)
  Natasha (D:2)
  Terence (D:3)
  An iguana (D:5)
  An orc wizard (D:5)
  Robin (D:3)
  3 gnolls (D:5)
  13 adders
  5 river rats
  4 worms
  4 dart slugs
  7 orcs
  13 ball pythons
  An endoplasm (D:3)
  3 giant cockroaches
  10 goblins
  10 hobgoblins
  6 jackals
  2 quokkas
  6 bats
  6 frilled lizards
  5 kobolds
  31 rats
146 creatures vanquished.

Notes
Turn   | Place    | Note
-------+----------+-------------------------------------------
     0 | D:1      | retardedninja the Minotaur Fighter began the quest for the
                  | Orb.
     0 | D:1      | Reached XP level 1. HP: 19/19 MP: 0/0
   249 | D:1      | Reached XP level 2. HP: 27/27 MP: 1/1
   766 | D:2      | Reached XP level 3. HP: 33/33 MP: 2/2
   767 | D:2      | Noticed Sigmund
   780 | D:2      | Killed Sigmund
   781 | D:2      | Reached XP level 4. HP: 7/41 MP: 3/3
   781 | D:2      | Reached XP level 5. HP: 8/47 MP: 4/4
  1437 | D:2      | Noticed Natasha
  1442 | D:2      | Killed Natasha
  1443 | D:2      | Reached skill level 5 in Fighting
  1443 | D:2      | Reached skill level 5 in Shields
  1620 | D:3      | Reached skill level 5 in Armour
  1895 | D:3      | Found a runed translucent door.
  1896 | D:3      | Noticed Crazy Yiuf
  2020 | D:3      | Noticed Terence
  2024 | D:3      | Killed Terence
  2025 | D:3      | Reached XP level 6. HP: 52/56 MP: 5/5
  2097 | D:3      | Noticed Robin
  2105 | D:3      | Killed Robin
  2185 | D:3      | Found a faded altar of an unknown god.
  2405 | D:3      | Killed Crazy Yiuf
  2668 | D:4      | Found a glowing silver altar of Zin.
  3026 | D:4      | Found a glowing drain.
  3030 | Sewer    | Entered a sewer
  3189 | Sewer    | Reached XP level 7. HP: 59/62 MP: 6/6
  3244 | Sewer    | Reached skill level 5 in Axes
  3512 | D:5      | Entered Level 5 of the Dungeon
  3720 | D:5      | Found a blossoming altar of Fedhas.
  3859 | D:5      | Reached XP level 8. HP: 71/71 MP: 7/7
  4059 | D:5      | Killed by an exploding butterfly... ignited by their inner
                  | flame

Illustrated notes

Levels and vault maps discovered:
D:1:      elethiomel_arrival_quiet, layout_basic, minmay_misc_feat_encased
D:2:      layout_basic, minmay_misc_feat_roman, minmay_tetromino_l2,
          uniq_natasha, uniq_sigmund
D:3:      minmay_inner_zag, layout_basic,
          dreamdust_ecumenical_altar_angels_and_demons,
          nicolae_concentric_dashed_squares_wild, uniq_robin, uniq_terence,
          uniq_crazy_yiuf_cottage
D:4:      layout_basic, zin_statuary, gup_sewer_entry_spiral,
          chequers_serial_rivers_marsh, dk_vineyard_1, bh_walls_and_bars
D:5:      layout_basic, fedhas_ov_isle_minmay, minmay_strange_pillars,
          kennysheep_doodads

Skill      XL: |  1  2  3  4  5  6  7 |
---------------+----------------------+-----
Fighting       | 4 5 6 |  6.7
Armour         | 4 5 6 |  6.7
Shields        | 4 5 6 |  6.8
Axes           | 3 4 6 |  6.0

Action                   |  1- 3 |  4- 6 |  7- 9 || total
-------------------------+-------+-------+-------++-------
Melee: War axe           |    33 |   162 |    30 ||   225
       Headbutt          |     3 |    14 |    14 ||    31
       Battleaxe         |       |       |    35 ||    35
  Use: Potion            |     1 |     3 |       ||     4
       Scroll            |       |     1 |    11 ||    12
Armor: Scale mail        |    19 |    89 |    89 ||   197
Dodge: Dodged            |    19 |    91 |    49 ||   159
Block: Buckler           |     7 |    37 |    14 ||    58

Table legend: (Time is in decaauts)
 A = Elapsed time spent in this place.
 B = Non-inter-level travel time spent in this place.
 C = Inter-level travel time spent in this place.
 D = Time resting spent in this place.
 E = Time spent auto-exploring this place.
 F = Levels seen in this place.
 G = Mean time per level.
                   A        B        C        D        E       F      G
               +--------+--------+--------+--------+--------+-----+--------+
         Total |   4185 |   4030 |    155 |    420 |   2800 |   6 |  697.5 |
       Dungeon |   3869 |   3714 |    155 |    420 |   2669 |   5 |  773.8 |
         Sewer |    316 |    316 |      0 |      0 |    131 |   1 |  316.0 |
               +--------+--------+--------+--------+--------+-----+--------+

Top non-repeatable levels by time:
     D:2: 890 daAuts
     D:3: 861 daAuts
     D:4: 814 daAuts
     D:1: 741 daAuts
     D:5: 561 daAuts
   Sewer: 316 daAuts
